 Dungeon Crawl Stone Soup version 0.30.0-5-g1a98f26d00 (webtiles) character file.

Game seed: 14670552909215059331

25 nshep25 the Trooper (level 2, -1/24 HPs)
             Began as a Demonspawn Monk on May 10, 2023.
             Slain by a cerulean imp
             ... wielding a +2 spear
             ... summoned by Natasha
              (3 damage)
             ... on level 2 of the Dungeon.
             The game lasted 00:01:12 (593 turns).

nshep25 the Trooper (Demonspawn Monk)                Turns: 593, Time: 00:01:13

Health: -1/24      AC:  2    Str: 11    XL:     2   Next: 82%
Magic:  2/2        EV: 13    Int: 11    God:
Gold:   77         SH:  0    Dex: 15    Spells: 1/1 levels left

rFire   . .          .
                       - Unarmed
rCold   . . .        c - orb {light}
rNeg    . . .        a - +0 robe
rPois   .            (no helmet)
rElec   .            (no cloak)
rCorr   .            (no gloves)
SInv    .            (no boots)
Will    .....        (no amulet)
Stlth   +            (no ring)
HPRegen 0.24/turn    (no ring)
MPRegen 0.08/turn

%: no passive effects
@: slowed, glowing, very slow
A: ignite blood 1
a: no special abilities


You were on level 2 of the Dungeon.
You visited 1 branch of the dungeon, and saw 2 of its levels.

You collected 77 gold pieces.

Inventory:

Armour
 a - a +0 robe (worn)
 c - an orb of light (worn)
Scrolls
 d - a scroll of enchant weapon {unknown}
 f - a scroll of identify {unknown}
 g - a scroll of blinking {unknown}
 h - a scroll of poison {unknown}
Potions
 b - 2 potions of ambrosia
 e - a potion of curing {unknown}
 i - 2 potions of flight {unknown}
 j - a potion of attraction {unknown}


   Skills:
 + Level 3.3 Fighting
 + Level 3.1 Dodging
 + Level 3.1 Unarmed Combat


You had one spell level left.
You didn't know any spells.
Your spell library contained the following spells:

 Spells                   Type           Power      Damage    Failure   Level
 Slow                     Hex            0%         N/A       34%         1
 Lesser Beckoning         Tloc           0%         N/A       47%         2
 Confusing Touch          Hex            0%         N/A       71%         3
 Gell's Gravitas          Tloc           0%         N/A       71%         3
 Teleport Other           Tloc           0%         N/A       71%         3
 Vampiric Draining        Necr           0%         2d6       71%         3


Dungeon Overview and Level Annotations

Branches:
Dungeon (1/15)

Altars:

Annotations:
D:2 Natasha


Innate Abilities, Weirdness & Mutations

Your demonic aura sometimes causes spilled blood to erupt in flames.


Message History

Natasha, Servant of Life and Death comes into view.
The ball python misses you. The ball python closely misses you.
You hit the ball python.
You kill the ball python!
You see here a ball python corpse.
The goblin barely misses you.
You hit the goblin.
The goblin is almost dead.
Natasha barely misses you. The goblin hits you but does no damage.
You hit the goblin.
You kill the goblin!
Natasha mumbles some strange words.
Natasha glows brightly for a moment.
Natasha claws you!
You hit Natasha.
Natasha is lightly wounded.
Natasha misses you.
You hit Natasha but do no damage.
Natasha is lightly wounded.
Natasha casts a spell at you.
You feel yourself slow down.
You closely miss Natasha.
Natasha is lightly wounded.
Natasha casts a spell at you. The magic dart hits you!
You hit Natasha.
Natasha is moderately wounded.
Natasha claws you.
Natasha growls.
Natasha stares at you and mumbles some strange words.
The magic dart hits you.
* * * LOW HITPOINT WARNING * * *
You hit Natasha.
Natasha is moderately wounded.
Natasha casts a spell.
You barely miss Natasha.
Natasha is moderately wounded.
Natasha barely misses you.
The cerulean imp hits you from afar with a +2 spear.
You die...

#####.# ####.....#
####...$....####.#
.................. ##
##........####.
#..#######........##
#..........[..........
###..5h....†.#########..
......)@†....#
##.........###
...........#
....######## ... ##


You could see Natasha and a cerulean imp (summoned).

Vanquished Creatures
  2 bats (D:1)
  An endoplasm (D:1)
  A giant cockroach (D:1)
  3 goblins
  2 hobgoblins (D:1)
  4 kobolds (D:1)
  A quokka (D:2)
  4 ball pythons
  A frilled lizard (D:1)
  4 rats (D:1)
23 creatures vanquished.

Notes
Turn   | Place    | Note
-------+----------+-------------------------------------------
     0 | D:1      | nshep25 the Demonspawn Monk began the quest for the Orb.
     0 | D:1      | Reached XP level 1. HP: 18/18 MP: 1/1
   188 | D:1      | Gained mutation: Your demonic aura sometimes causes spilled
                  | blood to erupt in flames. [demonic ancestry]
   188 | D:1      | Reached XP level 2. HP: 22/24 MP: 2/2
   567 | D:1      | You fall into a shaft and drop 1 floor!
   582 | D:2      | Noticed Natasha
   593 | D:2      | Slain by a cerulean imp

Illustrated notes

Levels and vault maps discovered:
D:1:      dpeg_arrival_round_c, layout_basic
D:2:      layout_basic, kennysheep_nondescript, minmay_tetromino_o4, uniq_robin,
          uniq_jessica, uniq_natasha, uniq_sigmund

Skill      XL: |  1  2 |
---------------+-------+-----
Dodging        | 3 |  3.1
Unarmed Combat | 3 |  3.1
Fighting       | |  3.3

Action                     || total
---------------------------++-------
  Melee: Unarmed           ||    64
 Armour: Robe              ||     7
  Dodge: Dodged            ||    38
